 Dungeon Crawl Stone Soup version 0.18.1-48-g4cf74bf (console) character file.

588 CALLOUS the Charmwright (level 7, -4/62 HPs)
             Began as a Naga Skald on Sept 2, 2016.
             Slain by Rexou's ghost (10 damage)
             ... on level 5 of the Dungeon.
             The game lasted 01:35:46 (5790 turns).

CALLOUS the Charmwright (Naga Skald)                Turns: 5790, Time: 01:35:47

Health: -4/62      AC: 10    Str: 20    XL:     7   Next: 38%
Magic:  1/10       EV: 10    Int: 14    God:
Gold:   163        SH:  0    Dex: 10    Spells: 5 memorised, 0 levels left

rFire  . . .     SeeInvis +     b - +1 dagger (protect)
rCold  . . .     Gourm    .     h - +0 leather armour
rNeg   . . .     Faith    .     (no shield)
rPois  +         Spirit   .     t - +1 helmet
rElec  .         Dismiss  .     (no cloak)
rCorr  .         Reflect  .     (no gloves)
SustAt .         Harm     .     (no barding)
MR     .....                    (no amulet)
Stlth  ++........               (no ring)
                                (no ring)

@: mighty, lethally poisoned (-4 -> -6), very slow, not resistant to hostile
enchantments, unstealthy
A: see invisible, deformed body, poison resistance, slowness 2, slow metabolism
1, spit poison 2, AC +2
a: Spit Poison


You were on level 5 of the Dungeon.
You were hungry.

You visited 1 branch of the dungeon, and saw 5 of its levels.

You collected 163 gold pieces.

Inventory:

Hand Weapons
 a - a +0 hunting sling
 b - a +1 dagger of protection (weapon)
 p - a +0 falchion
 U - a +0 dagger of flaming
Missiles
 j - 81 stones (quivered)
 n - 24 arrows
 A - 22 sling bullets
 B - 16 poisoned needles
 F - 17 bolts
Armour
 h - a +0 leather armour (worn)
 t - a +1 helmet (worn)
Jewellery
 k - a cursed ring of teleportation {unknown}
 K - an uncursed amulet of the gourmand {unknown}
Scrolls
 e - a scroll of recharging {unknown}
 g - a scroll of blinking {unknown}
 o - a scroll of magic mapping {unknown}
 r - a scroll of enchant weapon {unknown}
 v - 3 scrolls of identify {unknown}
 y - 3 scrolls of fog {unknown}
 C - a scroll of fear {unknown}
 O - a scroll of amnesia {unknown}
 S - 2 scrolls of teleportation {unknown}
Potions
 q - a potion of ambrosia {unknown}
 u - a potion of curing {unknown}
 w - a potion of haste {unknown}
 z - a potion of might
 D - 2 potions of heal wounds {unknown}
 G - a potion of brilliance {unknown}
 I - 2 potions of flight {unknown}
 M - a potion of cure mutation {unknown}
 P - a potion of lignification {unknown}
Books
 c - a book of Battle

   Spells                             Type                      Level
   a - Infusion                       Charms                       1
   b - Shroud of Golubria             Charms/Translocation         2
   c - Song of Slaying                Charms                       2
   d - Spectral Weapon                Hexes/Charms                 3
   e - Regeneration                   Charms/Necromancy            3
 T - a book of Geomancy

   Spells                             Type                      Level
   a - Sandblast                      Earth                        1
   b - Passwall                       Transmutation/Earth          2
   c - Stone Arrow                    Conjuration/Earth            3
   d - Petrify                        Transmutation/Earth          4
   e - Lee's Rapid Deconstruction     Earth                        5
Comestibles
 d - 6 bread rations
 f - 7 fruits
 i - 2 slices of pizza
 Q - a beef jerky


   Skills:
 * Level 3.4 Fighting
 - Level 2.0 Long Blades
 - Level 0.7 Armour
 + Level 3.0 Dodging
 + Level 2.2 Stealth
 - Level 2.0 Spellcasting
 * Level 1.1 Hexes
 * Level 5.2 Charms
 * Level 1.8 Necromancy
 * Level 2.5 Translocations
 * Level 0.2 Earth Magic


You couldn't memorise any spells.
You knew the following spells:

 Your Spells              Type           Power        Failure   Level  Hunger
a - Infusion              Chrm           ###.         3%          1    ##.....
b - Shroud of Golubria    Chrm/Tloc      ##........   12%         2    ###....
c - Regeneration          Chrm/Necr      ##........   21%         3    ####...
d - Spectral Weapon       Hex/Chrm       ##......     24%         3    ####...
e - Sandblast             Erth           #.....       28%         1    ##.....


Dungeon Overview and Level Annotations

Branches:
Dungeon (5/15)
 Temple: D:4-7

Altars:
Nemelex Xobeh
Qazlal
Vehumet

Annotations:
D:1 1 exclusion
D:3 2 exclusions
D:4 exclusion: ogre, CALLOUS's ghost, novice HaGl
D:5 exclusion: scorpion, Rexou's ghost, amateur HEAM


Innate Abilities, Weirdness & Mutations

You cannot wear boots.
Your serpentine skin is tough (AC +2).
You have supernaturally acute eyesight.
Armour fits poorly on your strangely shaped body.
Your system is resistant to poisons.
You cover ground very slowly.
You have a slow metabolism.
You can spit poison.


Message History

Unknown command.
You hit the orc priest.
You kill the orc priest!
You completely miss the giant newt. The giant newt closely misses you.
You barely miss the giant newt.
Your shroud unravels.
You feel sick. The giant newt barely misses you.
Casting: Shroud of Golubria
Confirm with . or Enter, or press ? or * to list all spells.
Space distorts slightly along a thin shroud covering your body.
You are feeling hungry.
The giant newt closely misses you.
You puncture the giant newt!
You kill the giant newt!
You have got your breath back.
Rexou's ghost makes a sound of rattling chains.
You feel sick.
Rexou's ghost whispers, "Everlasting silence awaits you..."
Rexou's ghost hits you!
You die...

###.. ###.... ###......
#.....#.. ##...###..
###...## #.. ###....###
#.. ###........###..
###o).............
####.W##.....##......
#.###...@####....##......
##.....[## ##....#.......
#........###.............
#..####.[..........##....
#. #..†.)......###....
#..#####.(..###.... #..#
##.......... #..#
(......... ##o.#
....(..... ###...####
.......... #..........
.###......


You could see Rexou's ghost and an orc.

Vanquished Creatures
  A phantom (D:5)
  Blork the orc (D:5)
  An orc priest (D:5)
  2 hounds
  An orc wizard (D:5)
  2 giant frog skeletons
  3 worker ants
  2 hound zombies (D:5)
  A worker ant zombie (D:5)
  An ooze (D:2)
  A worm (D:5)
  A dart slug (D:1)
  3 giant geckos
  4 orcs
  5 giant cockroaches
  7 goblins
  9 hobgoblins
  8 jackals
  4 quokkas
  A ball python (D:1)
  8 bats
  7 giant newts
  8 kobolds
  A quokka skeleton (D:5)
  14 rats
96 creatures vanquished.

Vanquished Creatures (others)
  An ice beast (D:5)
1 creature vanquished.

Grand Total: 97 creatures vanquished

Notes
Turn   | Place    | Note
--------------------------------------------------------------
     0 | D:1      | CALLOUS the Naga Skald began the quest for the Orb.
     0 | D:1      | Reached XP level 1. HP: 19/19 MP: 3/3
   257 | D:1      | Reached XP level 2. HP: 26/26 MP: 5/5
   322 | D:1      | Learned a level 2 spell: Shroud of Golubria
   881 | D:1      | Reached XP level 3. HP: 32/32 MP: 2/6
  1346 | D:2      | Reached skill level 1 in Dodging
  1772 | D:2      | Reached skill level 4 in Charms
  2936 | D:3      | Reached XP level 4. HP: 37/39 MP: 7/7
  3413 | D:3      | Found a stormy altar of Qazlal.
  3520 | D:3      | Found a radiant altar of Vehumet.
  3520 | D:3      | Found a sparkling altar of Nemelex Xobeh.
  4183 | D:4      | Reached skill level 1 in Stealth
  4183 | D:4      | Reached skill level 1 in Translocations
  4209 | D:4      | Learned a level 3 spell: Regeneration
  4262 | D:4      | Noticed an ogre
  4314 | D:3      | Reached XP level 5. HP: 46/46 MP: 8/8
  4589 | D:4      | Noticed CALLOUS's ghost (novice HaGl)
  4940 | D:4      | Reached skill level 1 in Necromancy
  4974 | D:5      | Entered Level 5 of the Dungeon
  4981 | D:5      | Reached XP level 6. HP: 55/55 MP: 4/9
  5092 | D:5      | Noticed an ice beast
  5226 | D:5      | Noticed a phantom
  5333 | D:5      | Killed a phantom
  5338 | D:5      | Learned a level 3 spell: Spectral Weapon
  5681 | D:5      | Noticed Blork the orc
  5721 | D:5      | Killed an ice beast
  5721 | D:5      | Reached skill level 5 in Charms
  5721 | D:5      | Reached XP level 7. HP: 23/62 MP: 4/10
  5730 | D:5      | Killed Blork the orc
  5730 | D:5      | Reached skill level 1 in Hexes
  5734 | D:5      | Learned a level 1 spell: Sandblast
  5739 | D:5      | Noticed Rexou's ghost (amateur HEAM)
  5790 | D:5      | Slain by Rexou's ghost

Skill      XL: |  1  2  3  4  5  6  7 |
---------------+----------------------+-----
Dodging        | 1 2 3 |  3.0
Charms         | 4 5 |  5.2
Stealth        | 1 2 |  2.2
Translocations | 1 2 |  2.5
Necromancy     | 1 |  1.8
Fighting       | 3 |  3.4
Hexes          | 1 |  1.1
Long Blades    | |  2.0
Armour         | |  0.7
Spellcasting   | |  2.0
Earth Magic    | |  0.2

Action                   |  1- 3 |  4- 6 |  7- 9 || total
-------------------------+-------+-------+-------++-------
Melee: Falchion          |    13 |       |       ||    13
       Dagger            |   124 |   236 |    21 ||   381
 Fire: Hunting sling     |    25 |    87 |       ||   112
Throw: Stone             |     3 |     8 |       ||    11
 Cast: Infusion          |     2 |     5 |     1 ||     8
       Shroud of Golubri |     7 |    21 |     3 ||    31
       Regeneration      |       |       |     1 ||     1
 Abil: Spit Poison       |    27 |    15 |     8 ||    50
  Use: Potion            |     1 |     1 |     1 ||     3
  Eat: Chunk             |     7 |     7 |       ||    14
       Bread ration      |       |     1 |       ||     1
Armor: Leather armour    |    62 |   144 |    18 ||   224
Dodge: Dodged            |    67 |   125 |    23 ||   215
